Map: Monobattle LotV - Kimeran Refuge

Players

ChuckNorris

  • Race: Terran Terran

Kenshin

  • Race: Zerg Zerg
  • League: Diamond

SniperRNC

  • Race: Terran Terran
  • League: Master

CannonLord

  • Race: Terran Terran

ThFungusAmos

  • Race: Protoss Protoss

KillBlit

  • Race: Terran Terran

JOSEHERO

  • Race: Zerg Zerg

Grumm

  • Race: Terran Terran
  • League: Gold

VOD

Have the link to the VOD?

Description

Time

  • Played on: Feb. 10, 2016, 1:29 a.m.
  • Length: 11:17
Show
View Real Time Build Order
Export as new Build Order

ChuckNorris Terran 

Build Orders:  

Get SALT Encoding   

  6  0:01  SCV  
  13  0:24  Supply Depot  
  13  0:27  SCV  
  14  0:45  SCV  
  15  1:02  Barracks  
  15  1:04  SCV  
  16  1:09  Refinery  
  16  1:15  Refinery  
  16  1:21  SCV  
  17  1:38  SCV  
  18  1:56  SCV  
  19  2:22  Barracks Tech Lab  
  19  2:24  Ghost Academy  
  19  2:26  Barracks  
  20  2:31  Orbital Command  
  19  3:09  Supply Depot, Ghost  
  19  3:16  SCV  
  22  3:33  Barracks Tech Lab, SCV  
  23  3:48  Personal Cloaking  
  23  3:50  SCV  
  24  4:03  Factory  
  24  4:07  SCV  
  25  4:22  Ghost  
  27  4:43  Ghost  
  29  4:50  Supply Depot  
  29  5:03  SCV  
  30  6:02  Ghost x2  
  32  6:48  Unknown  
  32  6:49  Ghost  
  30  8:04  Command Center  
  28  8:10  SCV  
  28  8:15  Ghost x2  
  33  8:23  Barracks  
  33  8:25  Barracks  
  33  8:39  SCV  
  33  8:40  Command Center  
  31  9:13  Unknown  
  31  9:22  Ghost x2  
  35  9:40  SCV  
  35  9:43  Barracks Tech Lab x2  
  36  9:51  Starport  
  36  9:54  Orbital Command  
  36  9:57  SCV  
  37  10:02  Ghost  
  37  10:05  Command Center  
  39  10:13  Ghost  
  39  10:15  Command Center  
  39  10:39  Ghost  
  39  10:45  SCV x2  
  43  10:49  Refinery  
  43  11:01  SCV  
  43  11:02  SCV  
  44  11:14  Ghost  
  46  11:21  Engineering Bay  
  46  11:22  Engineering Bay  
  46  11:33  Refinery  
  46  11:37  Ghost  
  48  11:40  Command Center  
  48  11:53  Ghost  
  50  12:16  Planetary Fortress  
  50  12:19  Missile Turret  
  50  12:38  Ghost  
  52  12:49  Missile Turret  
  52  12:53  Terran Infantry Weapons Level 1  
  52  12:54  Terran Infantry Armor Level 1  
  79  13:08  SCV  
  52  13:09  SCV  
  52  13:11  SCV  
  55  13:24  Ghost  
  55  13:25  SCV  
  55  13:26  SCV  
  55  13:28  SCV  
  60  13:33  Refinery  
  60  13:38  Refinery  
  60  13:51  Ghost Academy  
  60  13:53  SCV  
  60  13:57  Armory  
  61  14:11  Ghost  
  61  14:12  Ghost  
  65  14:27  Ghost x2  
  69  15:21  SCV  
  69  15:28  SCV x2  
  73  15:43  Ghost Academy  
Show
View Real Time Build Order
Export as new Build Order

Kenshin Zerg 

Build Orders: Hatch First 

Get SALT Encoding   

  6  0:02  Drone  
  13  0:18  Overlord  
  13  0:30  Drone  
  14  0:44  Drone x2  
  16  0:49  Drone  
  17  1:07  Drone  
  18  1:20  Hatchery  
  18  1:27  Drone  
  18  1:32  Extractor  
  17  2:01  Drone  
  17  2:02  Drone  
  17  2:03  Spawning Pool  
  18  2:16  Drone  
  19  2:34  Overlord  
  19  2:47  Drone  
  20  3:09  Queen x2  
  20  3:10  Zergling x6  
  20  3:17  Zergling x2  
  28  3:21  Spine Crawler  
  28  3:26  Metabolic Boost  
  27  3:35  Zergling x4  
  29  3:53  Drone  
  30  3:59  Pneumatized Carapace  
  30  4:14  Drone x4  
  34  4:22  Drone  
  34  4:23  Drone  
  36  4:30  Overlord  
  36  4:38  Overlord  
  35  5:02  Hatchery  
  34  5:15  Overlord  
  34  5:17  Drone x3  
  34  5:18  Drone  
  38  5:22  Drone  
  38  5:24  Drone  
  39  5:37  Zergling x4  
  39  5:38  Zergling x4  
  41  5:57  Drone x3  
  44  6:02  Lair  
  44  6:21  Drone x2  
  44  6:23  Evolution Chamber  
  44  6:25  Evolution Chamber, Drone x2, Extractor  
  45  6:50  Queen  
  45  6:53  Drone x8  
  45  6:58  Zergling x4  
  57  7:09  Zergling x2  
  57  7:11  Zergling x2  
  57  7:16  Zerg Ground Armor Level 1  
  59  7:30  Zergling x12  
  59  7:31  Zergling x2  
  65  7:49  Zergling x2  
  65  7:51  Overlord x2  
  61  8:22  Overlord  
  61  8:23  Drone x7  
  59  8:30  Drone x2, Spine Crawler  
  59  8:32  Spine Crawler  
  59  8:34  Spine Crawler  
  59  8:37  Spore Crawler  
  59  8:38  Spore Crawler  
  56  8:42  Spore Crawler  
  56  8:44  Drone x3  
  56  8:46  Spore Crawler  
  57  8:50  Spore Crawler  
  57  8:52  Spore Crawler x2, Burrow  
  54  9:01  Zergling x6  
  57  9:10  Zerg Melee Weapons Level 1  
  57  9:18  Infestation Pit  
  54  9:35  Drone  
  54  9:36  Drone x9  
  64  9:44  Drone  
  64  9:45  Drone x2  
  64  9:46  Queen  
  69  9:57  Zergling x10  
  74  10:00  Overlord x2  
  74  10:03  Extractor  
  74  10:04  Extractor  
  74  10:08  Hatchery  
  69  10:12  Drone x3  
  68  10:30  Zergling x6  
  68  10:34  Zergling x2  
  72  11:05  Drone x7  
  79  11:09  Hive  
  79  11:10  Zerg Ground Armor Level 2  
  79  11:19  Spine Crawler, Spore Crawler  
  79  11:20  Spore Crawler  
  79  11:21  Spine Crawler  
  79  11:24  Spine Crawler  
  74  11:39  Zergling x12  
  79  12:00  Zergling x12  
  83  12:12  Zergling x4  
  83  12:13  Zergling x14  
  83  12:18  Zergling x4  
  94  12:21  Queen  
  94  12:27  Zerg Melee Weapons Level 2  
  96  12:33  Overlord x2  
  96  12:34  Overlord x4  
  92  12:53  Zergling x4  
  92  12:54  Zergling x6  
  92  13:05  Zergling x2  
  92  13:06  Zergling x10  
  98  13:15  Zergling x4  
  99  13:38  Zergling x4  
  100  13:39  Zergling x10  
  100  13:48  Zergling x6  
  105  14:00  Hatchery  
  104  14:11  Hatchery  
  104  14:15  Zergling x10  
  104  14:16  Zergling x20  
  117  14:39  Zergling x12  
  123  14:59  Zergling x14  
  124  15:12  Overseer  
  124  15:14  Overlord  
  124  15:15  Overlord x7  
  124  15:17  Zergling x6  
  127  15:34  Hatchery  
Show
View Real Time Build Order
Export as new Build Order

SniperRNC Terran 

Build Orders:  

Get SALT Encoding   

  6  0:01  SCV  
  13  0:18  SCV  
  14  0:32  Supply Depot  
  14  0:35  SCV  
  15  0:43  Refinery  
  15  1:02  SCV  
  16  1:13  Barracks  
  16  1:19  SCV  
  16  1:20  Refinery  
  17  1:36  SCV  
  18  1:53  SCV  
  19  2:10  SCV  
  20  2:18  Factory  
  20  2:19  Barracks Tech Lab  
  20  2:27  SCV  
  21  2:29  Supply Depot  
  21  2:44  SCV  
  22  3:01  Orbital Command  
  22  3:28  Siege Tank  
  25  3:35  Supply Depot  
  25  3:36  SCV  
  26  3:53  SCV  
  27  4:10  SCV  
  27  4:14  Command Center  
  28  4:24  Siege Tank  
  31  4:36  Barracks Tech Lab  
  31  4:41  SCV  
  31  4:42  Factory  
  32  4:58  SCV  
  33  5:04  Siege Tank  
  33  5:15  SCV  
  34  5:27  Siege Tank  
  37  5:32  SCV  
  38  5:49  SCV  
  39  6:01  Siege Tank x2  
  39  6:13  SCV  
  40  6:22  Siege Tank x2  
  46  6:54  Supply Depot  
  46  6:56  Supply Depot, SCV  
  47  6:59  Siege Tank x2  
  47  7:13  SCV  
  47  7:18  Siege Tank x2  
  54  7:21  Command Center  
  54  7:36  SCV x2  
  56  7:46  Refinery  
  56  7:52  Refinery  
  56  8:03  Siege Tank x2  
  62  8:09  SCV  
  62  8:14  SCV  
  64  8:20  Engineering Bay  
  64  8:31  SCV  
  65  8:47  Siege Tank  
  68  8:49  Orbital Command  
  68  9:01  Siege Tank  
  65  9:32  Siege Tank  
  62  9:44  Missile Turret x2  
  62  9:45  Missile Turret, Siege Tank  
  62  9:46  Missile Turret, SCV  
  62  9:48  Orbital Command  
  57  9:51  SCV  
  58  10:03  SCV  
  61  10:08  SCV  
  59  10:17  Siege Tank  
  63  10:20  SCV  
  63  10:25  SCV  
  65  10:30  SCV, Siege Tank  
  65  10:37  SCV  
  68  10:42  Missile Turret  
  68  10:45  Missile Turret  
  68  10:48  Missile Turret  
  68  10:55  Armory  
  68  11:00  SCV x2  
  68  11:02  Siege Tank  
  73  11:14  Siege Tank x5  
  64  11:46  SCV  
  65  11:53  Siege Tank x2  
  71  12:01  Orbital Command  
  71  12:03  SCV  
  72  12:19  SCV  
  72  12:20  SCV  
  72  12:25  Terran Vehicle Weapons Level 1  
  74  12:35  SCV  
  74  12:37  SCV  
  74  12:38  Siege Tank x2  
  82  12:54  SCV  
  82  12:58  SCV, Siege Tank x5  
  84  12:59  SCV  
  85  13:21  Supply Depot  
  85  13:23  Supply Depot  
  85  13:24  Supply Depot  
  85  13:25  Supply Depot  
  85  13:35  Refinery  
  85  13:37  Refinery  
  85  13:39  Siege Tank x3  
  85  13:40  Siege Tank  
  85  13:50  SCV x3  
  85  13:51  Siege Tank x2  
  85  13:57  Siege Tank x2  
  85  14:07  SCV x3  
  88  14:18  Siege Tank x2  
  88  14:23  Missile Turret  
  88  14:24  SCV  
  88  14:25  Missile Turret  
  88  14:27  Missile Turret  
  88  14:28  Missile Turret  
  89  14:30  Missile Turret  
  89  14:36  Siege Tank x2  
  95  14:41  SCV  
  96  14:57  Siege Tank  
  96  14:58  Siege Tank, SCV  
  97  14:59  Siege Tank x2  
  97  15:15  SCV  
  104  15:43  Factory  
  104  15:47  Factory  
Show
View Real Time Build Order
Export as new Build Order

CannonLord Terran 

Build Orders:  

Get SALT Encoding   

  6  0:03  SCV  
  13  0:20  SCV  
  14  0:32  Supply Depot  
  14  0:37  SCV  
  15  0:44  Refinery  
  15  1:05  SCV, Barracks  
  16  1:23  SCV  
  17  1:41  SCV  
  18  1:50  Refinery  
  18  2:07  SCV  
  19  2:24  SCV  
  20  2:30  Factory  
  20  2:34  Barracks Tech Lab  
  20  2:46  Orbital Command  
  20  3:18  Factory  
  20  3:56  Engineering Bay, SCV  
  21  4:13  SCV  
  22  4:26  Supply Depot  
  22  4:32  Factory Reactor  
  22  4:34  SCV  
  23  4:39  Armory  
  23  4:56  Widow Mine  
  23  4:58  Supply Depot  
  25  6:10  Widow Mine x2  
  25  6:14  Widow Mine  
  27  6:50  Widow Mine x2  
  27  7:30  Widow Mine x2  
  27  8:47  Factory  
  20  9:10  Supply Depot  
  20  9:13  Orbital Command  
  15  9:42  Supply Depot  
  15  9:59  Factory  
  15  10:23  Barracks Tech Lab  
  15  10:26  Factory Reactor  
  15  10:39  Supply Depot  
  15  10:44  Terran Vehicle And Ship Armor Level 1  
  15  10:47  SCV  
  16  11:04  SCV  
  16  11:08  Factory  
  17  11:10  Supply Depot  
  17  11:18  Widow Mine x2  
  21  11:20  Drilling Claws  
  21  11:21  SCV  
  21  11:24  Widow Mine  
  24  11:29  Barracks Tech Lab  
  24  11:38  SCV  
  25  11:50  Command Center  
  25  11:55  SCV  
  25  11:56  Supply Depot  
  25  11:58  Widow Mine x2  
  30  12:04  Widow Mine  
  32  12:14  Widow Mine x2  
  36  12:27  Supply Depot  
  36  12:38  Widow Mine  
  38  13:00  Supply Depot  
  38  13:05  Widow Mine  
  38  13:07  Barracks Reactor  
  40  13:31  Supply Depot  
  40  13:32  Refinery  
  40  13:44  Refinery  
  40  13:45  Widow Mine  
  42  14:02  Supply Depot  
  42  14:35  Supply Depot  
  34  14:59  Missile Turret  
  34  15:03  Missile Turret  
  40  15:26  Missile Turret  
  40  15:32  Missile Turret  
Show
View Real Time Build Order
Export as new Build Order

ThFungusAmos Protoss 

Build Orders:  

Get SALT Encoding   

  6  0:05  Probe (Chrono Boost)  
  13  0:29  Probe (Chrono Boost)  
  13  0:30  Pylon  
  14  0:45  Probe (Chrono Boost)  
  15  0:59  Probe (Chrono Boost)  
  16  1:13  Gateway  
  16  1:14  Probe (Chrono Boost)  
  17  1:24  Forge  
  17  1:29  Probe (Chrono Boost)  
  18  1:43  Assimilator  
  18  1:54  Pylon  
  18  2:19  Gateway  
  18  2:31  Pylon  
  18  2:46  Photon Cannon  
  18  2:54  Cybernetics Core  
  18  3:00  Assimilator  
  18  3:02  Probe (Chrono Boost)  
  19  3:16  Probe (Chrono Boost)  
  20  3:31  Probe (Chrono Boost)  
  21  3:49  Probe (Chrono Boost)  
  22  4:04  Probe (Chrono Boost)  
  22  4:07  Pylon  
  23  4:10  Pylon  
  23  4:20  Probe (Chrono Boost)  
  23  4:22  Stargate  
  24  4:39  Photon Cannon  
  24  5:12  Photon Cannon  
  24  5:16  Photon Cannon  
  24  5:28  Void Ray (Chrono Boost)  
  28  5:52  Stargate  
  28  6:21  Probe (Chrono Boost)  
  29  6:37  Probe  
  29  7:03  Void Ray (Chrono Boost)  
  37  7:11  Void Ray (Chrono Boost)  
  37  7:55  Void Ray (Chrono Boost)  
  41  8:43  Void Ray (Chrono Boost)  
  41  9:02  Void Ray (Chrono Boost)  
  45  10:27  Nexus  
  45  10:29  Pylon  
  45  10:33  Pylon  
  33  10:56  Probe  
  26  11:03  Robotics Facility  
  22  11:13  Probe  
  22  11:16  Photon Cannon  
  15  11:19  Photon Cannon  
  15  11:22  Photon Cannon  
  15  11:26  Photon Cannon  
  3  11:28  Photon Cannon  
  3  11:30  Probe  
  3  11:32  Photon Cannon  
  3  11:35  Photon Cannon  
  6  12:24  Probe  
  6  12:26  Probe  
  8  12:39  Probe  
  8  12:43  Probe  
  10  12:55  Pylon  
  10  13:00  Probe  
  11  13:19  Photon Cannon  
  7  14:14  Probe  
  8  14:29  Probe  
  8  14:35  Pylon  
  9  14:42  Pylon  
  9  14:43  Probe  
  10  14:58  Probe  
  11  15:13  Probe  
  12  15:28  Probe  
Show
View Real Time Build Order
Export as new Build Order

KillBlit Terran 

Build Orders:  

Get SALT Encoding   

  12  0:21  Supply Depot, SCV  
  13  0:38  SCV  
  14  0:54  SCV  
  15  1:07  Barracks  
  15  1:14  SCV  
  16  1:19  Refinery  
  16  1:31  SCV  
  16  1:35  Refinery  
  17  1:48  SCV  
  18  1:52  Barracks  
  18  2:16  SCV  
  18  2:33  SCV  
  19  2:49  SCV  
  20  3:06  SCV  
  21  3:26  Barracks  
  22  3:33  Reaper  
  22  3:37  SCV  
  23  4:03  Supply Depot  
  21  4:28  Orbital Command  
  21  4:31  Command Center  
  21  4:40  Barracks Reactor  
  21  4:56  Barracks  
  21  5:01  Barracks  
  21  5:07  Engineering Bay  
  21  5:10  SCV  
  22  5:27  SCV  
  23  5:38  Reaper x2  
  25  5:43  Barracks Reactor  
  25  5:44  SCV  
  26  5:51  Command Center  
  26  5:57  Barracks Reactor  
  27  6:10  Reaper  
  27  6:12  Supply Depot  
  27  6:17  Reaper  
  28  6:27  Reaper x2  
  30  6:42  Planetary Fortress  
  30  6:44  SCV  
  33  6:51  Reaper  
  33  6:52  Reaper  
  33  7:07  Reaper  
  34  7:15  SCV  
  36  7:22  Reaper  
  37  7:32  Reaper, SCV  
  38  8:09  Reaper x3  
  38  8:28  Reaper  
  39  8:31  SCV x3  
  43  8:40  Reaper  
  43  8:48  Refinery  
  43  8:49  Orbital Command  
  43  9:07  Reaper x2  
  44  9:19  Reaper  
  44  9:20  Unknown x2  
  44  9:29  Reaper  
  44  9:37  Reaper  
  45  9:42  Refinery  
  45  9:44  SCV x3  
  48  9:54  Terran Infantry Weapons Level 1  
  48  10:01  SCV  
  48  10:08  Unknown x3  
  51  10:23  Reaper x2  
  51  10:47  Command Center  
  54  10:49  Reaper  
  54  10:50  Reaper x2  
  54  10:54  Reaper  
  54  10:58  Reaper  
  58  11:11  Reaper  
  58  11:12  Reaper  
  58  11:16  SCV x2  
  58  11:17  SCV  
  58  11:18  Reaper  
  61  11:31  Unknown x4  
  61  11:32  Unknown x4  
  61  11:38  Unknown x2  
  48  11:50  Reaper  
  48  11:51  Reaper x4  
  48  12:06  Reaper x2  
  51  12:11  Reaper  
  51  12:12  SCV  
  52  12:34  SCV  
  52  12:35  SCV x2  
  52  12:37  Reaper  
  52  12:38  Reaper  
  47  12:45  Reaper x2  
  49  12:51  SCV  
  49  12:52  Unknown, SCV x2  
  49  12:54  Reaper  
  54  13:00  Reaper  
  54  13:01  Refinery  
  54  13:03  SCV  
  54  13:08  SCV  
  54  13:09  SCV x2  
  55  13:25  Refinery, SCV  
  55  13:26  Reaper x2  
  58  13:35  Missile Turret  
  58  13:38  Missile Turret  
  55  13:50  Unknown  
  55  13:51  Unknown x3  
  55  13:53  Unknown  
  55  13:54  Unknown x4  
  55  13:55  Unknown x2  
  55  13:57  Unknown  
  37  14:04  Reaper x2  
  37  14:05  Reaper  
  40  14:16  Refinery  
  40  14:17  SCV x2  
  40  14:18  SCV  
  43  14:34  SCV x2  
  43  14:35  Command Center, SCV  
  46  14:46  Reaper  
  46  14:47  Reaper x3  
  50  14:51  SCV  
Show
View Real Time Build Order
Export as new Build Order

JOSEHERO Zerg 

Build Orders: Hatch First 

Get SALT Encoding   

  6  0:08  Drone  
  13  0:26  Drone  
  14  1:06  Overlord  
  14  1:07  Hatchery  
  13  1:13  Overlord  
  13  1:52  Drone  
  13  1:53  Drone x2, Spawning Pool  
  15  2:47  Drone x2  
  15  2:48  Drone  
  18  2:51  Drone  
  19  3:12  Queen  
  21  3:23  Spine Crawler  
  21  3:27  Spine Crawler  
  19  3:32  Spine Crawler  
  19  3:36  Drone x3  
  21  3:49  Extractor x2  
  19  4:15  Drone x2  
  21  4:33  Drone  
  22  4:53  Spine Crawler  
  22  4:57  Drone x2  
  23  5:01  Queen  
  25  5:25  Lair  
  25  5:35  Extractor  
  25  5:36  Extractor  
  23  5:46  Drone x3, Hatchery  
  25  5:49  Drone x2  
  25  5:51  Drone  
  25  5:52  Drone x3  
  31  6:29  Overlord x2  
  31  7:01  Spire  
  30  7:42  Drone x3  
  30  7:43  Drone x4  
  30  7:46  Drone x2  
  39  8:42  Corruptor x5  
  39  8:43  Corruptor x4  
  57  8:54  Extractor  
  57  8:55  Extractor  
  55  9:11  Spine Crawler  
  55  9:15  Spine Crawler  
  53  9:32  Zerg Flyer Weapons Level 1  
  53  9:34  Corruptor x2  
  57  10:05  Overlord x5  
  53  11:08  Corruptor x3  
  57  11:09  Corruptor x2  
  63  12:11  Corruptor  
  63  12:12  Corruptor x5  
  75  12:21  Drone x2  
  71  14:56  Corruptor  
  71  14:57  Corruptor x5  
  71  14:58  Corruptor x6  
  93  14:59  Corruptor  
  93  15:01  Overlord x2  
Show
View Real Time Build Order
Export as new Build Order

Grumm Terran 

Build Orders:  

Get SALT Encoding   

  6  0:02  SCV  
  13  0:20  Supply Depot  
  13  0:30  SCV  
  13  0:38  Refinery  
  14  1:00  SCV  
  14  1:03  Barracks  
  15  1:13  Refinery  
  15  1:17  SCV  
  16  1:34  SCV  
  17  1:46  Supply Depot  
  17  1:51  SCV  
  18  2:13  Engineering Bay  
  18  2:15  SCV  
  19  2:37  Factory  
  19  2:47  SCV  
  20  3:04  SCV  
  21  3:21  SCV  
  22  3:40  Starport  
  22  3:43  Starport  
  22  3:44  Factory Tech Lab  
  22  3:47  SCV  
  23  4:02  Armory  
  23  4:08  SCV  
  24  4:24  Factory Tech Lab  
  24  4:29  Orbital Command  
  24  4:45  Fusion Core  
  24  5:00  Sensor Tower  
  24  6:04  Battlecruiser  
  28  6:33  Supply Depot  
  17  7:34  Missile Turret  
  17  8:06  Battlecruiser  
  23  8:15  SCV  
  24  8:32  SCV  
  25  8:49  SCV  
  26  9:06  SCV  
  27  9:23  SCV  
  28  9:41  Supply Depot  
  28  10:05  SCV  
  28  10:07  Battlecruiser  
  35  10:22  SCV  
  36  10:33  Supply Depot  
  36  10:56  Battlecruiser  
  42  12:12  Weapon Refit  
  42  12:46  Terran Ship Weapons Level 1  
  42  13:00  Missile Turret  
  42  13:33  Battlecruiser  
  48  14:28  Missile Turret  
  48  14:29  Missile Turret  
  36  14:53  Missile Turret  
Tags
 
Add a new tag
Caveats
  • Supply blocks, unpowered buildings, or Contaminate may cause inaccurate times.
  • Supply counts are checked every 10 seconds.